 Dungeon Crawl Stone Soup version 0.30-a0-782-ge64f9170bb (webtiles) character file.

Game seed: 12022666352692002715

4 Barriton the Conjurer (level 1, 0/14 HPs)
             Began as a Draconian Conjurer on Feb 23, 2023.
             Frozen to death by an endoplasm (4 damage)
             ... on level 1 of the Dungeon.
             The game lasted 00:00:47 (202 turns).

Barriton the Conjurer (Draconian Conjurer)           Turns: 202, Time: 00:00:47

Health: 0/14       AC:  4    Str:  9    XL:     1   Next: 58%
Magic:  0/3        EV: 12    Int: 18    God:
Gold:   8          SH:  0    Dex:  9    Spells: 3/4 levels left

rFire   . . .      SeeInvis .    (no weapon)
rCold   . . .      Faith    .    (no shield)
rNeg    . . .      Spirit   .    (body armour unavailable)
rPois   .          Reflect  .    (helmet restricted)
rElec   .          Harm     .    (no cloak)
rCorr   .          Rampage  .    (no gloves)
Will    .....                    (no boots)
Stlth   ++                       (no amulet)
HPRegen 0.22/turn                (no ring)
MPRegen 0.08/turn                (no ring)

@: slowed, very slow
A: AC +4, unfitting armour, cold-blooded
a: no special abilities


You were on level 1 of the Dungeon.
You visited 1 branch of the dungeon, and saw 1 of its levels.

You collected 8 gold pieces.

Inventory:

Potions
 a - a potion of magic


   Skills:
 + Level 1.7 Dodging
 + Level 1.8 Stealth
 + Level 2.0 Spellcasting
 + Level 4.2 Conjurations


You had 3 spell levels left.
You knew the following spells:

 Your Spells              Type           Power      Damage    Failure   Level
a - Magic Dart            Conj           68%        1d6       3%          1

Your spell library contained the following spells:

 Spells                   Type           Power      Damage    Failure   Level
 Searing Ray              Conj           34%        2d5       4%          2
 Dazzling Flash           Conj/Hex       18%        N/A       22%         3
 Fulminant Prism          Conj/Hex       4%         3d5       58%         4
 Iskenderun's Mystic Bla  Conj/Tloc      9%         2d4       58%         4


Dungeon Overview and Level Annotations

Branches:
Dungeon (1/15)

Altars:

Shops:
D:1 (


Innate Abilities, Weirdness & Mutations

Your plain brown scales are hard. (AC +4)
You cannot fit into any form of body armour.
You are cold-blooded and may be slowed by cold attacks.


Message History

You kill the bat!
An endoplasm and a ball python come into view.
The magic dart hits the endoplasm.
You kill the endoplasm!
The ball python hisses angrily.
The magic dart hits the ball python.
The ball python is severely wounded.
The ball python bites you. The ball python grabs you.
The ball python constricts you.
The magic dart hits the ball python.
You kill the ball python!
HP restored.
An endoplasm comes into view.
You see here a ball python corpse.
An endoplasm is nearby!
The magic dart hits the endoplasm.
The endoplasm is lightly wounded.
The endoplasm quivers.
The magic dart hits the endoplasm.
The endoplasm is moderately wounded.
The magic dart hits the endoplasm.
The endoplasm is heavily wounded.
You are out of magic!
An endoplasm is nearby!
You hit the endoplasm.
The endoplasm is heavily wounded.
The endoplasm freezes you.
You are frozen.
You hit the endoplasm.
The endoplasm is almost dead.
The endoplasm freezes you.
You are frozen.
* * * LOW HITPOINT WARNING * * *
You feel yourself slow down.
You are too injured to fight recklessly!
You hit the endoplasm but do no damage.
The endoplasm is almost dead.
The endoplasm freezes you.
You are frozen.
You die...

#+##≈≈≈ # ###8..... ..
+........ ######.#
###8..... ....#.# #
#'##≈≈≈
.#.#.#.#####.##### ..#
#.................
.!...##...###.#########.
......J@..# #.# #.
....##.#..###.## #. .
..##.......# #.
#.####.#.##### #. #.#.
#......#.##∩## #. #.#.
#.######.##'# #. ....
##'##.# #. ... ##..>..#
##. #.# ##.....##
######..


You could see an endoplasm.

Vanquished Creatures
  2 ball pythons (D:1)
  A bat (D:1)
  An endoplasm (D:1)
4 creatures vanquished.

Notes
Turn   | Place    | Note
-------+----------+-------------------------------------------
     0 | D:1      | Barriton the Draconian Conjurer began the quest for the
                  | Orb.
     0 | D:1      | Reached XP level 1. HP: 14/14 MP: 3/3
   119 | D:1      | Found Yteanon's Weapon Shop.
   202 | D:1      | Frozen to death by an endoplasm

Illustrated notes

Levels and vault maps discovered:
D:1:      wander_arrival_chamber, layout_loops_corners, serial_shops,
          nicolae_shop_window_shopping

Action                     || total
---------------------------++-------
  Melee: Unarmed           ||     3
   Cast: Magic Dart        ||     9

Table legend: (Time is in decaauts)
 A = Elapsed time spent in this place.
 B = Non-inter-level travel time spent in this place.
 C = Inter-level travel time spent in this place.
 D = Time resting spent in this place.
 E = Time spent auto-exploring this place.
 F = Levels seen in this place.
 G = Mean time per level.
                   A        B        C        D        E       F      G
               +--------+--------+--------+--------+--------+-----+--------+
         Total |    202 |    202 |      0 |      0 |    184 |   1 |  202.0 |
       Dungeon |    202 |    202 |      0 |      0 |    184 |   1 |  202.0 |
               +--------+--------+--------+--------+--------+-----+--------+

Top non-repeatable levels by time:
     D:1: 202 daAuts
